 Dungeon Crawl Stone Soup version 0.27.1-37-g7b29ead8ac (console) character file.

Game seed: 1570261859067980571

123953 grimtooth the Bewitcher (level 17, -5/95 HPs)
             Began as a Kobold Enchanter on July 3, 2023.
             Was the Champion of Elyvilon.
             Slain by an eight-headed hydra (9 damage)
             ... on level 4 of the Swamp.
             The game lasted 04:26:27 (48503 turns).

grimtooth the Bewitcher (Kobold Enchanter)         Turns: 48503, Time: 04:26:27

Health: -5/95      AC: 14    Str: 10    XL:     17   Next: 46%
Magic:  16/26      EV: 20    Int: 23    God:    Elyvilon [******]
Gold:   1013       SH:  0    Dex: 16    Spells: 12/28 levels left

rFire    + . .     SeeInvis +   b - +3 dagger (venom)
rCold    . . .     Faith    .   (shield restricted)
rNeg     . . .     Spirit   .   C - +1 troll leather armour of Ywosch {+Inv rF+ Regen+ Str+3}
rPois    +         Reflect  .   W - +3 crown of Dyrovepreva {rElec Int+2 SInv}
rElec    +         Harm     .   H - scarf {repulsion}
rCorr    .         Rampage  .   g - +0 pair of gloves
Will     +....                  Q - +0 pair of boots
Stlth    ++++++....             (no amulet)
HPRegen  1.25/turn              R - +4 ring of protection
MPRegen  0.20/turn              m - ring of poison resistance

@: repel missiles
A: small, no large weapons, nightstalker 3, frail 1
a: Renounce Religion, Evoke Invisibility, Lesser Healing, Heal Other,
Purification, Greater Healing, Divine Vigour, Divine Protection


You were on level 4 of the Swamp.
You worshipped Elyvilon.
Elyvilon was exalted by your worship.
You visited 5 branches of the dungeon, and saw 28 of its levels.
You also visited: Ice Cave.

You collected 3518 gold pieces.
You spent 2505 gold pieces at shops.

Inventory:

Hand Weapons
 a - a +2 short sword of speed
 b - a +3 dagger of venom (weapon)
 p - a +0 dagger of electrocution
Missiles
 j - a curare-tipped dart
 E - 137 poisoned darts (quivered)
 P - 2 throwing nets {=f}
Armour
 g - a +0 pair of gloves (worn)
 k - a +0 buckler
 z - the +2 pair of gloves "Naelodeb" {Rampage Drain rCorr Int-5}
   (You found it on level 4 of the Swamp)

   Int:       It affects your intelligence (-5).
   rCorr:     It protects you from acid and corrosion.
   Drain:     It drains your maximum health when unequipped.
   Rampage:   It bestows one free step when moving towards enemies.
 C - the +1 troll leather armour of Ywosch (worn) {+Inv rF+ Regen+ Str+3}
   (You bought it in a shop on level 3 of the Dungeon)

   Str:       It affects your strength (+3).
   rF:        It protects you from fire.
   +Inv:      It lets you turn invisible.
   Regen:     It increases your rate of health regeneration.
 H - a scarf of repulsion (worn)
 Q - a +0 pair of boots (worn)
 W - the +3 crown of Dyrovepreva (worn) {rElec Int+2 SInv}
   (You bought it in a shop on level 2 of the Orcish Mines)

   Int:       It affects your intelligence (+2).
   rElec:     It insulates you from electricity.
   SInv:      It lets you see invisible.
Magical Staves
 M - a staff of cold
Jewellery
 m - a ring of poison resistance (right hand)
 D - a ring of willpower
 F - a ring of see invisible
 L - a +4 ring of protection
 O - a +6 ring of strength
 R - a +4 ring of protection (left hand)
 U - a +6 ring of dexterity
 X - a ring of protection from cold
Wands
 f - a wand of flame (38)
 o - a wand of digging (10)
 s - a wand of iceblast (10)
 u - a wand of paralysis (13)
 y - a wand of mindburst (16)
 K - a wand of acid (1)
Scrolls
 c - 4 scrolls of fog {unknown}
 d - 3 scrolls of vulnerability
 h - a scroll of teleportation
 l - 4 scrolls of torment {unknown}
 G - 3 scrolls of fear
 I - a scroll of enchant armour {unknown}
 J - 2 scrolls of magic mapping
 S - 4 scrolls of summoning
 V - a scroll of amnesia
Potions
 e - 5 potions of brilliance
 i - 2 potions of berserk rage
 n - 10 potions of curing
 r - 2 potions of haste
 t - 3 potions of lignification
 v - 3 potions of heal wounds
 x - 4 potions of ambrosia
 A - a potion of resistance
 B - 5 potions of might
 N - 2 potions of cancellation
 T - 4 potions of flight
 Y - a potion of invisibility {unknown}
Miscellaneous
 q - a tin of tremorstones (2/2)
 w - a phial of floods


   Skills:
 - Level 12.0 Fighting
 + Level 11.8 Short Blades
 - Level 3.0 Armour
 - Level 10.5 Dodging
 - Level 11.5 Stealth
 - Level 6.0 Spellcasting
 * Level 16.6 Hexes
 - Level 9.0 Ice Magic
 - Level 9.0 Invocations
 - Level 12.0 Evocations


You had 12 spell levels left.
You knew the following spells:

 Your Spells              Type           Power      Damage    Failure   Level
b - Ensorcelled Hibernat  Hex/Ice        100%       N/A       1%          2
c - Tukima's Dance        Hex            70%        N/A       1%          3
e - Metabolic Englaciati  Hex/Ice        30%        N/A       1%          5
o - Ozocubu's Armour      Ice            48%        N/A       1%          3
z - Confusing Touch       Hex            70%        N/A       1%          3

Your spell library contained the following spells:

 Spells                   Type           Power      Damage    Failure   Level
 Corona                   Hex            77%        N/A       0%          1
 Dazzling Flash           Conj/Hex       90%        N/A       1%          3
 Inner Flame              Hex/Fire       45%        N/A       1%          3
 Leda's Liquefaction      Hex/Erth       22%        N/A       3%          4
 Foxfire                  Conj/Fire      24%        2x1d5     11%         1
 Silence                  Hex/Air        22%        N/A       11%         5
 Conjure Flame            Conj/Fire      6%         6-21      32%         3
 Spider Form              Tmut/Pois      3%         N/A       32%         3
 Discord                  Hex            35%        N/A       63%         8
 Petrify                  Tmut/Erth      6%         N/A       73%         4
 Simulacrum               Ice/Necr       13%        N/A       95%         6
 Agony                    Necr           6%         N/A       97%         5
 Bolt of Magma            Conj/Fire/Erth 3%         4d5       97%         5
 Fireball                 Conj/Fire      3%         3d4       97%         5
 Conjure Ball Lightning   Conj/Air       3%         3x3d6     100%        6
 Shadow Creatures         Summ           N/A        N/A       100%        6
 Starburst                Conj/Fire      3%         6d3       100%        6
 Statue Form              Tmut/Erth      4%         N/A       100%        6
 Disjunction              Tloc           3%         N/A       100%        8
 Ignition                 Fire           3%         3d4       100%        8


Dungeon Overview and Level Annotations

Branches:
Dungeon (15/15)            Temple (0/1) D:7            Lair (6/6) D:8
  Swamp (4/4) Lair:3       Spider (1/4) Lair:2        Slime (0/5) Lair:5
    Orc (2/2) D:12            Elf (0/3) Orc:2        Vaults (0/5) D:13
 Depths (0/5) D:15          IceCv (visited)

Altars:
Ashenzari
Cheibriados
Elyvilon
Fedhas
Gozag
Qazlal
Uskayaw
Wu Jian
Zin
The Shining One

Shops:
D:3 !*([?   D:4 *   D:14 !*   Orc:1 *   Orc:2 **=(

Portals:
Pandemonium: Orc:2

Annotations:
D:14 2 transporters
Lair:1 3 runed translucent doors
Lair:3 3 runed translucent doors, tkbsonic5's ghost, journeyman NaEn
Lair:5 fly, exclusion: ice statue
Lair:6 exclusions: obsidian statue and 1 more exclusion
Swamp:2 exclusions: 2 bunyips, spriggan rider and will-o-the-wisp
Swamp:4 exclusions: hydra, swamp dragon and swamp drake


Innate Abilities, Weirdness & Mutations

You are small and have problems with some larger weapons.
You are completely attuned to the shadows.
You are frail. (-10% HP)


Message History

The eight-headed hydra bites you.
* * * LOW HITPOINT WARNING * * *
The eight-headed hydra barely misses you.
The lindwurm bites you but does no damage.
The lindwurm completely misses you. The lindwurm barely misses you.
Okay, then.
You are healed.
The eight-headed hydra bites you!
The eight-headed hydra bites you but does no damage.
The eight-headed hydra closely misses you.
The eight-headed hydra bites you. The eight-headed hydra bites you!
* * * LOW HITPOINT WARNING * * *
The eight-headed hydra misses you.
The eight-headed hydra bites you but does no damage.
The eight-headed hydra completely misses you.
The lindwurm bites you but does no damage.
The lindwurm closely misses you.
The lindwurm claws you but does no damage.
Press: ? - help, v - describe, . - travel
Here: an eight-headed hydra (lightly wounded) Some shallow water.
The eight-headed hydra bites you but does no damage.
The eight-headed hydra bites you!
* * * LOW HITPOINT WARNING * * *
The eight-headed hydra bites you but does no damage.
The eight-headed hydra completely misses you. x2
The eight-headed hydra bites you!
* * * LOW HITPOINT WARNING * * *
The eight-headed hydra completely misses you.
The eight-headed hydra bites you.
* * * LOW HITPOINT WARNING * * *
You are healed.
The lindwurm bites you but does no damage.
The lindwurm claws you but does no damage. x2
The eight-headed hydra bites you.
* * * LOW HITPOINT WARNING * * *
The eight-headed hydra bites you!
* * * LOW HITPOINT WARNING * * *
The eight-headed hydra completely misses you.
The eight-headed hydra bites you!
You die...

♣♣♣ ♣♣♣
♣♣♣♣♣≈♣♣♣♣♣♣♣.♣♣
♣♣.♣♣..≈♣♣.≈♣...♣
♣≈≈.♣♣.≈♣≈@D≈§.♣♣
♣♣≈.♣♣..≈♣≈kD..♣♣♣
♣♣♣.....≈...≈♣§†..♣♣
♣♣≈≈.≈..≈≈≈♣.§.♣..≈≈♣
♣...≈.....♣♣≈≈♣....♣♣
♣..≈...≈≈≈......≈...♣
♣.........♣♣.≈÷≈....♣
♣♣.≈.≈≈...≈..§..≈.k≈♣
♣♣≈..≈..........≈.≈♣
♣.............≈..≈.♣
♣....≈≈≈...≈....†[♣♣♣≈≈
≈


You could see an eight-headed hydra, a seven-headed hydra (confused) and a
lindwurm.

Vanquished Creatures
  Jorgrun (D:13)
  Rupert (D:13)
  Roxanne (Swamp:4)
  A dire elephant (Lair:6)
  3 bunyips
  Snorg (D:11)
  An ettin (Orc:1)
  6 eleionomae
  A rakshasa (D:15)
  5 boulder beetles
  A catoblepas (Lair:3)
  A vault guard (D:13)
  9 hydras
  9 alligators
  3 centaur warriors
  A two-headed ogre (D:8)
  4 death yaks (Lair:6)
  7 orc high priests (Orc:2)
  A fire crab (shapeshifter) (D:15)
  A sixfirhy (Orc:2)
  A deep elf archer (D:15)
  A glowing orange brain (D:15)
  A spriggan druid (Swamp:4)
  A torturous demonspawn (Orc:2)
  4 orc knights (Orc:2)
  5 bog bodies
  2 gelid demonspawn (Orc:2)
  6 swamp dragons
  3 deep elf pyromancers (D:14)
  6 lindwurms
  5 cyclopes
  2 necromancers (Lair:6)
  A manticore (D:14)
  6 orc sorcerers (Orc:2)
  11 slime creatures
  An orb spider (shapeshifter) (D:13)
  A will-o-the-wisp (Swamp:4)
  12 ugly things
  A dire elephant zombie (Lair:6)
  9 elephants
  Maurice (D:13)
  7 black mambas
  14 cane toads
  A gargoyle (D:12)
  An orange demon (Orc:2)
  A dire elephant skeleton (Lair:6)
  A torpor snail (Spider:1)
  Psyche (D:9)
  3 kobold demonologists (D:12)
  A freezing wraith (D:15)
  3 rime drakes
  An efreet (D:15)
  8 komodo dragons
  A tengu conjurer (D:14)
  An ice devil (Orc:2)
  A jumping spider (Lair:2)
  6 polar bears
  6 tyrant leeches
  A hornet (Swamp:2)
  3 trolls
  26 blink frogs
  7 dream sheep (Lair:4)
  3 spectral elephants (Lair:6)
  A tarantella (Spider:1)
  A spriggan (Swamp:2)
  4 shadows
  5 redbacks
  2 wraiths
  2 water elementals (D:13)
  A vampire (D:12)
  A fire elemental (D:12)
  6 wyverns
  A neqoxec (Orc:2)
  19 yaks
  4 basilisks
  3 death yak simulacra (Lair:6)
  3 steam dragons (D:8)
  7 vampire mosquitoes
  4 humans (D:13)
  13 swamp worms
  4 spectral cane toads (Lair:6)
  An acid dragon (D:13)
  2 wargs (Orc:1)
  18 water moccasins
  5 hell hounds (D:13)
  22 orc warriors
  3 sky beasts
  2 elephant zombies (Lair:6)
  A hornet zombie (D:6)
  3 black bears
  7 ice beasts
  2 swamp drakes (Swamp:4)
  12 wolves
  3 ogres
  7 centaurs
  4 kobold brigands
  5 scorpions
  13 bullfrogs
  3 cane toad simulacra
  A water moccasin skeleton (D:5)
  4 elephant simulacra
  10 electric eels
  5 howler monkeys
  3 hounds
  13 jellies (Lair:5)
  5 centaur zombies
  2 bullfrog skeletons
  2 centaur skeletons (D:7)
  A gnoll shaman (D:7)
  17 orc priests
  A scorpion zombie (D:5)
  An iguana (D:4)
  21 orc wizards
  A polar bear simulacrum (Lair:4)
  A wolf simulacrum (IceCv)
  A hound skeleton (D:4)
  5 gnolls
  5 adders
  5 white imps
  2 ufetubi
  4 worms
  A dart slug (D:4)
  60 orcs
  7 endoplasms
  A giant cockroach (D:2)
  2 goblins
  6 hobgoblins
  9 jackals
  16 kobolds
  4 quokkas
  6 ball pythons
  8 bats
  8 rats
667 creatures vanquished.

Vanquished Creatures (collateral kills)
  Azrael (D:13)
  3 vault guards (D:13)
  4 two-headed ogres
  A torturous demonspawn (Orc:2)
  A gargoyle (D:12)
  3 humans (D:13)
  3 orc warriors (Orc:2)
  3 ogres
  A wight (D:8)
  An orc priest (Orc:2)
  An orc wizard (Orc:2)
  4 gnolls
  7 orcs
33 creatures vanquished.

Vanquished Creatures (others)
  A vault guard (D:13)
  An ugly thing (D:15)
  A cane toad (Lair:2)
  6 dancing weapons
  A water elemental (D:13)
  An ufetubus (IceCv)
  6 foxfires (Swamp:4)
  81 fungi
  95 plants
  29 withered plants (Lair:6)
222 creatures vanquished.

Grand Total: 922 creatures vanquished

Notes
Turn   | Place    | Note
-------+----------+-------------------------------------------
     0 | D:1      | grimtooth the Kobold Enchanter began the quest for the Orb.
     0 | D:1      | Reached XP level 1. HP: 10/10 MP: 3/3
   343 | D:1      | Reached XP level 2. HP: 13/15 MP: 1/5
  1074 | D:1      | Reached XP level 3. HP: 19/19 MP: 6/6
  1529 | D:2      | Reached skill level 4 in Hexes
  1769 | D:2      | Found a hide-covered altar of Uskayaw.
  2071 | D:2      | Learned a level 3 spell: Confusing Touch
  2074 | D:2      | Learned a level 2 spell: Ensorcelled Hibernation
  2110 | D:3      | Found Wuptuvoa's Assorted Antiques.
  2132 | D:3      | Reached XP level 4. HP: 18/24 MP: 5/7
  2205 | D:3      | Found Letzan's Distillery.
  2595 | D:3      | Found Tiuteaba's Armour Shoppe.
  2636 | D:3      | Reached skill level 5 in Stealth
  2939 | D:3      | Found Cunisal's Magic Scroll Emporium.
  3213 | D:3      | Found Aqeu's Antique Weapon Emporium.
  3431 | D:3      | Bought 3 scrolls labelled XOOW ZAOSOXT for 51 gold pieces
  3431 | D:3      | Bought an emerald potion for 15 gold pieces
  3494 | D:4      | Reached XP level 5. HP: 28/28 MP: 8/8
  3525 | D:4      | Reached skill level 5 in Hexes
  3786 | D:4      | Noticed a bullfrog
  3789 | D:4      | Killed a bullfrog
  3790 | D:4      | Reached XP level 6. HP: 32/32 MP: 4/9
  3877 | D:4      | Found Bemea's Assorted Antiques.
  3904 | D:4      | Found a stormy altar of Qazlal.
  4359 | D:4      | Found a blossoming altar of Fedhas.
  4614 | D:3      | Bought a scroll of identify for 28 gold pieces
  4614 | D:3      | Bought a scroll of identify for 28 gold pieces
  4713 | D:4      | Bought an amethyst potion for 25 gold pieces
  4729 | D:5      | Entered Level 5 of the Dungeon
  4729 | D:5      | Noticed a sky beast
  4735 | D:5      | Killed a sky beast
  4736 | D:5      | Reached skill level 6 in Hexes
  4867 | D:5      | Noticed a black bear
  4947 | D:4      | Reached XP level 7. HP: 11/36 MP: 8/10
  5946 | D:5      | Reached skill level 5 in Short Blades
  6222 | D:5      | Found a glowing golden altar of the Shining One.
  6234 | D:5      | Found an ornate altar of the Wu Jian Council.
  6431 | D:5      | Reached XP level 8. HP: 41/41 MP: 11/11
  6497 | D:5      | Reached skill level 7 in Hexes
  6725 | D:5      | Found a white marble altar of Elyvilon.
  7104 | D:3      | Bought a scroll labelled RIKHLI BO VAE for 17 gold pieces
  7104 | D:3      | Bought a scroll labelled MEIPER UTRUISY for 17 gold pieces
  7173 | D:5      | Became a worshipper of Elyvilon the Healer
  7257 | D:6      | Reached skill level 1 in Fighting
  7271 | D:6      | Reached skill level 8 in Hexes
  7371 | D:6      | Learned a level 3 spell: Tukima's Dance
  7379 | D:6      | Found an opulent altar of Gozag.
  8054 | D:6      | Reached * piety under Elyvilon
  8166 | D:5      | Reached XP level 9. HP: 32/49 MP: 8/13
  8509 | D:6      | Reached skill level 9 in Hexes
  8761 | D:6      | Found a broken altar of Ashenzari.
  8892 | D:4      | Bought 2 scrolls labelled AZOUCY ODERREIPE for 56 gold
                  | pieces
  8892 | D:4      | Bought a scroll labelled AZOUCY ODERREIPE for 28 gold
                  | pieces
  9165 | D:7      | Found a staircase to the Ecumenical Temple.
  9362 | D:7      | Reached skill level 5 in Fighting
 10527 | D:7      | Reached skill level 1 in Invocations
 10618 | D:7      | Reached ** piety under Elyvilon
 10938 | D:4      | Bought a scroll labelled AZOUCY ODERREIPE for 28 gold
                  | pieces
 11010 | D:3      | Bought a potion of heal wounds for 60 gold pieces
 11636 | D:8      | Noticed a two-headed ogre
 11869 | D:8      | Reached XP level 10. HP: 60/60 MP: 11/14
 12169 | D:8      | Reached skill level 10 in Hexes
 12192 | D:8      | Reached skill level 5 in Invocations
 12308 | D:8      | Noticed a two-headed ogre
 12723 | D:8      | Found a staircase to the Lair.
 12738 | D:8      | Reached *** piety under Elyvilon
 12803 | D:8      | Noticed a komodo dragon
 12991 | D:8      | Killed a two-headed ogre
 13135 | D:8      | Killed a komodo dragon
 13136 | D:8      | Reached skill level 11 in Hexes
 13324 | D:8      | Killed a two-headed ogre
 13865 | D:9      | Noticed Psyche
 13991 | D:9      | Reached XP level 11. HP: 64/64 MP: 15/18
 14006 | D:9      | Reached skill level 5 in Spellcasting
 14485 | D:10     | Entered Level 10 of the Dungeon
 14737 | D:10     | Reached **** piety under Elyvilon
 14980 | D:10     | Reached skill level 12 in Hexes
 16127 | D:11     | Noticed a two-headed ogre
 16376 | D:11     | Noticed a cyclops
 16586 | D:11     | Killed a cyclops
 16587 | D:11     | Reached skill level 5 in Dodging
 16712 | D:11     | Noticed a two-headed ogre
 16713 | D:11     | Noticed Snorg
 16967 | D:11     | Reached ***** piety under Elyvilon
 17805 | D:9      | Killed Psyche
 18005 | D:3      | Bought a scroll of fear for 49 gold pieces
 18073 | D:3      | Bought a potion of heal wounds for 60 gold pieces
 18073 | D:3      | Bought a potion of might for 48 gold pieces
 18270 | D:12     | Found a staircase to the Orcish Mines.
 18457 | D:12     | Noticed a cyclops
 18459 | D:12     | Killed a cyclops
 19196 | D:12     | Noticed a soul eater
 19709 | D:12     | Noticed a sixfirhy
 19720 | D:12     | Reached skill level 1 in Ice Magic
 19726 | D:12     | Noticed a sixfirhy
 19726 | D:12     | - this is a heck of a kobold band
 19994 | D:12     | Reached XP level 12. HP: 70/70 MP: 17/21
 20154 | Lair:1   | Entered Level 1 of the Lair of Beasts
 20927 | Lair:1   | Reached skill level 5 in Ice Magic
 21449 | Lair:1   | Found a runed translucent gate.
 21450 | Lair:1   | Found a runed translucent gate.
 21450 | Lair:1   | Found a runed translucent gate.
 21760 | Lair:2   | Noticed a six-headed hydra
 21766 | Lair:2   | Pacified a six-headed hydra
 21962 | Lair:2   | Learned a level 3 spell: Ozocubu's Armour
 21968 | Lair:2   | Learned a level 5 spell: Metabolic Englaciation
 22556 | Lair:2   | Reached ****** piety under Elyvilon
 22587 | Lair:2   | Identified the +1 robe of Misanthropy {Contam Harm rF+
                  | SInv}
 22600 | Lair:2   | Found a hole to the Spider Nest.
 22775 | Lair:2   | Reached XP level 13. HP: 76/76 MP: 17/22
 23547 | Lair:3   | Noticed a seven-headed hydra
 23557 | Lair:3   | Pacified a seven-headed hydra
 23643 | Lair:3   | Found a runed translucent gate.
 23643 | Lair:3   | Found a runed translucent gate.
 23643 | Lair:3   | Found a runed translucent gate.
 23645 | Lair:3   | Noticed tkbsonic5's ghost (journeyman NaEn)
 23734 | Lair:3   | Noticed a catoblepas
 23740 | Lair:3   | Killed a catoblepas
 23827 | Lair:3   | Noticed a five-headed hydra
 23831 | Lair:3   | Pacified a five-headed hydra
 23957 | Lair:3   | Reached skill level 10 in Stealth
 24021 | Lair:3   | Reached skill level 10 in Dodging
 24076 | Lair:3   | Found a staircase to the Swamp.
 24179 | Lair:3   | Found a glowing silver altar of Zin.
 24271 | Lair:3   | Noticed an eight-headed hydra
 24310 | Lair:3   | Noticed a boulder beetle
 24317 | Lair:3   | Killed a boulder beetle
 24521 | Lair:4   | - oh ice cave going to be tough
 24521 | Lair:4   | - please let it be animals
 24591 | Lair:4   | Noticed a seven-headed hydra
 24595 | Lair:4   | Pacified a seven-headed hydra
 24747 | Lair:4   | - oh look simulara
 24781 | Lair:4   | Found a frozen archway.
 24988 | IceCv    | Entered an ice cave
 25450 | IceCv    | - usually i woudl just tough it out and likely die
 25450 | IceCv    | - but i have boned so many Koen... discretion, valour
 25451 | IceCv    | - oh for a fireball
 25456 | Lair:4   | - i am shamed
 25494 | Lair:4   | Reached skill level 1 in Evocations
 26156 | Lair:4   | Reached skill level 5 in Evocations
 26584 | Lair:4   | Noticed an eight-headed hydra
 26591 | Lair:4   | Killed an eight-headed hydra
 27412 | Lair:5   | You fall into a shaft and drop 1 floor!
 27412 | Lair:6   | Entered Level 6 of the Lair of Beasts
 27418 | Lair:6   | Noticed an eight-headed hydra
 27521 | Lair:6   | - is this the dang elephants again
 27553 | Lair:6   | - sure is
 27706 | Lair:6   | Reached XP level 14. HP: 80/86 MP: 8/23
 28425 | Lair:5   | Found a staircase to the Slime Pits.
 28445 | Lair:5   | Reached skill level 13 in Hexes
 31039 | Orc:1    | Entered Level 1 of the Orcish Mines
 31596 | Orc:1    | Found Voceicla's General Store.
 31597 | Orc:1    | Found Xonaq's Specific Store.
 31759 | Orc:2    | Entered Level 2 of the Orcish Mines
 32508 | Orc:2    | Reached skill level 14 in Hexes
 32867 | Orc:2    | Found a staircase to the Elven Halls.
 32982 | Orc:2    | Found Ker Pes's General Store.
 33006 | Orc:2    | Found Lenam's General Store.
 33996 | Orc:2    | Gained mutation: You are frail. (-10% HP) [a neqoxec]
 34785 | D:3      | Bought the +1 troll leather armour of Ywosch {+Inv rF+
                  | Regen+ Str+3} for 662 gold pieces
 35604 | Orc:2    | Reached XP level 15. HP: 81/81 MP: 20/24
 35634 | Orc:2    | Found Punupt's Antique Weapon Shoppe.
 35634 | Orc:2    | Found a one-way gate leading to the halls of Pandemonium.
 35634 | Orc:2    | Found Cyuser's Jewellery Emporium.
 35694 | Orc:2    | Reached skill level 15 in Hexes
 35809 | Orc:2    | Reached skill level 1 in Armour
 35932 | Orc:2    | Bought the +3 crown of Dyrovepreva {rElec Int+2 SInv} for
                  | 621 gold pieces
 35932 | Orc:2    | Found the +3 crown of Dyrovepreva {rElec Int+2 SInv}
 36156 | D:12     | Identified the +1 leather armour of Omission {Str+3}
 36215 | D:13     | Noticed Maurice
 36422 | D:13     | Noticed Azrael
 36623 | D:13     | Noticed Jorgrun
 36664 | D:13     | Killed Jorgrun
 36665 | D:13     | Reached skill level 10 in Fighting
 36796 | Orc:2    | Bought a scroll of identify for 26 gold pieces
 36861 | Orc:1    | Bought a scroll of identify for 30 gold pieces
 36861 | Orc:1    | Bought a scroll of fear for 52 gold pieces
 37127 | D:13     | Killed Maurice
 37241 | D:13     | Killed Azrael
 37893 | D:13     | Found a gate to the Vaults.
 38088 | D:13     | Noticed Rupert
 38116 | D:13     | Killed Rupert
 38487 | D:14     | Found Tolaven's Distillery.
 38568 | D:14     | Found a transporter.
 38576 | D:14     | Found a transporter.
 38774 | D:14     | Found Wyetiuwu's Changing Room.
 39353 | D:15     | Entered Level 15 of the Dungeon
 39720 | D:15     | Reached skill level 10 in Evocations
 39877 | D:15     | Reached XP level 16. HP: 90/90 MP: 12/25
 40810 | D:15     | Found a staircase to the Depths.
 41103 | D:4      | Bought a scroll of identify for 56 gold pieces
 41103 | D:4      | Bought a wand of paralysis (4) for 56 gold pieces
 42828 | Lair:6   | - guess im gonna be a discordian
 44383 | D:11     | Killed Snorg
 44646 | Lair:2   | - feel like i'm going to get absolutely hammered here
 44647 | Spider:1 | Entered Level 1 of the Spider Nest
 44668 | Spider:1 | - this is a shitload of spiders
 44976 | D:3      | Bought a scroll of teleportation for 42 gold pieces
 45044 | D:3      | Bought a potion of heal wounds for 60 gold pieces
 45191 | Swamp:1  | Entered Level 1 of the Swamp
 45463 | Swamp:1  | Identified a scroll of acquirement
 45631 | Swamp:1  | Reached skill level 10 in Short Blades
 45900 | Swamp:2  | - hm and now i have the full panoply of fire
 46397 | Swamp:2  | Reached XP level 17. HP: 95/95 MP: 20/26
 46783 | D:13     | Acquired 817 gold pieces
 46849 | Orc:1    | Bought 2 scrolls of vulnerability for 180 gold pieces
 46853 | Orc:1    | Bought a wand of iceblast (10) for 210 gold pieces
 47382 | Swamp:3  | Reached skill level 16 in Hexes
 47459 | Swamp:3  | Found a snail-covered altar of Cheibriados.
 47584 | Swamp:4  | Entered Level 4 of the Swamp
 47675 | Swamp:4  | Identified the +2 pair of gloves "Naelodeb" {Rampage Drain
                  | rCorr Int-5}
 47758 | Swamp:4  | Noticed Roxanne
 47908 | Swamp:4  | Killed Roxanne
 48339 | Swamp:4  | - oh that gamblin fallacy
 48502 | Swamp:4  | HP: 4/95 [eight-headed hydra (9)]
 48503 | Swamp:4  | Slain by an eight-headed hydra

Illustrated notes ## ######### ########## #. #.......# ###........#####. #.......####.'........##.>+. #....)5K##3@.#........'..##. #.....5KK3.###........#####. #......K#### #........# #. ##'###### ####'##### ## #5.# #....# ## ##.## ########'## ##. #..# #......>..# ##.. #####5## #.........# #..# #....5K# #.........###'## #....K.# ###.........##...# #......#####.'.........#..#.# Turn 19726 on D:12: - this is a heck of a kobold band ......... ......... ......... ......... ....@.... ......... ......... ......... ......... Turn 24521 on Lair:4: - oh ice cave going to be tough ## #.# ..# ##.... #..##............. ....#..........#.. .Z..@............... ................#P.. ..##............P... . ................# .#...............# #...............# #...............# ...............## .............## ...............# ................# Turn 24747 on Lair:4: - oh look simulara ##### ##...## ##..∩..## #.......# #...∩...# ##.....## ##.@.## #.5.## ##.5Z# ##Z..# ##.Z.## #4..## #..## ##..## ##..# ####54## #8#..Z.# Turn 25450 on IceCv: - usually i woudl just tough it out and likely die ##### ##...## ##..∩..## #.......# #...∩...# ##..@..## ##...## #.55## ##ZZZ# ##...# ##...## #4..## #..## ##..## ##..# ####54## Turn 25451 on IceCv: - oh for a fireball ## ..## #.## ......####.... #...#..##........... ##.......#..........# #.................... ....@................ ....=..##............ ..................... .......#............. .....###............. ...... #............. .... #............. .... #............. #............. #............. ........ #............. Turn 25456 on Lair:4: - i am shamed .......# .......# ...................# ...................# ................@..# ...................# ...................♣# ..........(.........# .....................# #.##.###.#P..###.....# ##.### ########.#P#### ##### Turn 27521 on Lair:6: - is this the dang elephants again ......# ......# .$....# ......+ ....@.+ ......+ ......# ......# ......# ####..# ##.# #..# ##.# ##.# #..♣# Turn 27553 on Lair:6: - sure is ............♣##.#..# ............##..#..# ............##.##).# !..........###.#...# ......#...♣#.†.#...# #.#####...##.####'## ### ##..#..#....## #.♣.#.##.....# #######..♣#.#......# #.#.#.##..#.#......# ..........#.##8(@8## ..........#.####### ..........#.8## ..........'..8#. ..........'.⌠.#. ..........'..8#. ..........#.8##8 ..........#.## .#.#......# #.#.####..# ##### ##.# Turn 42828 on Lair:6: - guess im gonna be a discordian

#..##P....#P....#####.###.
#................###..###.
#.........................
##.........................
#..........................
#..........................
##.....≈≈≈.≈≈≈.............
#...#≈≈.≈≈.≈≈.≈............
##..##≈≈.≈.≈.≈≈...#.#PP....
##..##≈≈≈...≈≈≈..#.....#...
##...##....@......P.........
#.....≈≈≈≈...≈≈≈..P.........
###..##≈≈.≈.≈.≈≈........#...
#####..##≈.≈≈.≈≈.≈..+.........
#♣P≈#P...#.≈≈≈.≈≈≈...##..#.#...
#♣≈P≈...>##..#.P................
♣≈P≈≈...........................
♣≈≈P............................
♣≈P≈P...........................
#≈P≈≈...........................
##♣P≈...........................


Turn 44646 on Lair:2: - feel like i'm going to get absolutely hammered here
#≈...... #......#.# #≈......... ≈≈≈........ #.≈.<....... ^.....^......
....#..^..... .....s....... ......(.....s .....s@s.# ..[..ssss# .....Bsss#
.s.sssss# ....sss# Turn 44668 on Spider:1: - this is a shitload of spiders .≈§
♣.≈ ♣.♣♣ ♣♣♣..♣♣.. ♣♣≈@≈≈.≈..≈≈ ♣..≈...≈♣.≈≈≈ ♣§≈≈.♣≈≈♣.≈≈§ ♣.≈§.....≈≈≈§
♣♣≈≈≈≈...≈≈≈≈ ♣♣♣♣. ♣♣.[...♣♣.≈§≈≈ ♣...♣♣♣♣.....≈♣♣.≈≈≈≈ ♣.≈≈♣≈..≈≈...≈♣♣.≈≈≈≈
≈≈♣♣ ♣♣....≈≈§≈..≈≈.....≈≈ ≈≈..♣♣≈≈..≈≈≈≈......(≈§..≈ .<≈.♣....≈.......≈♣♣♣♣♣♣..
Turn 45900 on Swamp:2: - hm and now i have the full panoply of fire ♣♣♣ ♣♣♣
♣♣♣♣♣≈♣♣♣♣♣♣♣@♣♣ ♣♣.♣♣..≈♣♣.≈♣.D.♣ ♣≈≈.♣♣.≈♣§..≈≈.♣♣ ♣♣≈.♣♣..≈♣≈≈...♣♣♣
♣♣♣.....≈...≈♣≈...♣♣ ♣♣≈≈.≈..≈≈≈♣.≈.♣..≈≈♣ ♣...≈.....♣♣§≈♣....♣♣
♣..≈...≈≈≈......≈...♣ ♣.........♣♣.≈†≈....♣ ♣♣.≈.≈≈...≈..≈..≈.≈≈♣
♣♣≈..≈..........≈.≈♣ ♣♣ Turn 48339 on Swamp:4: - oh that gamblin fallacy

Levels and vault maps discovered:
D:1:      amcnicky_arrival_double_pillar, layout_basic
D:2:      layout_loops_ring, basic_altar, small_statue_intersection
D:3:      layout_basic, serial_shops, shop, nicolae_shop_statue_plus,
          nicolae_shop_statue_plus, nicolae_shop_stone, shop_statue
D:4:      layout_basic, grunt_temple_overflow_forces_of_nature, serial_shops,
          nicolae_shop_temple_entry_statues_fountains, hangedman_decor_push
D:5:      layout_loops_ring, lemuel_round_altar,
          amethyst_overflow_temple_binary, minmay_holes
D:6:      layout_gridville, lemuel_tele_altar,
          nicolae_gozag_cash_rules_everything_around_me
D:7:      layout_loops_ring, nicolae_overflow_hidden_temple,
          minmay_temple_entry_offerings
D:8:      layout_basic, due_lair_maze_entry_diamond, minmay_chambers_of_fives
D:9:      layout_gridville, uniq_psyche
D:10:     layout_irregular_city, kennysheep_generic_room_11
D:11:     layout_cave_pods, chequers_arboretum, uniq_snorg
D:12:     layout_roguey, orc_0_dummy
D:13:     layout_basic, ximxim_vaults_locker_room, serial_corexii_hall,
          corexii_hall_statues_s, chequers_hall_statues_corner_a, uniq_rupert,
          uniq_maurice, uniq_azrael, uniq_jorgrun
D:14:     layout_rooms, serial_shops, shop_statue, minmay_parallelograms,
          gammafunk_ghost_wrathful_warriors, nicolae_transmutations_shop,
          corner_web_ring
D:15:     gammafunk_enter_depths_forms, layout_loops_ring, minivault_26,
          minmay_misc_feat_encased
Lair:1:   layout_cave_pods, gammafunk_ghost_cemetery,
          chequers_serial_rivers_micro_b, infiniplex_staircase_pool
Lair:2:   layout_regular_city, spider_nest_entry_a, serial_bayou,
          serial_bayou_crossing, serial_bayou_pond_b, serial_bayou_pond_c,
          serial_bayou_ford_a, serial_bayou_shore_b, minmay_lindwurm_lava
Lair:3:   layout_concentric_octagons, skrybe_swamp_entry_bodies, basic_altar,
          ebering_ghost_rock_garden, grunt_megastairs_3
Lair:4:   layout_cave_pods, portal_ice_cave_entry_ice_simulacra,
          serial_bayou_pond_d
Lair:5:   layout_cave_pods, minmay_slime_entry_jelly_boxes, ice2_lemuel,
          grunt_megastairs_2
Lair:6:   due_jungle_book, layout_big_grid
Swamp:1:  nicolae_swamp_ascending_descending_big, layout_basic_swamp,
          evilmike_swamp_ruin_house_1
Swamp:2:  layout_basic_swamp, evilmike_swamp_ruin_house_5
Swamp:3:  layout_falls_marsh, basic_altar
Swamp:4:  swamp_alternative, layout_basic_swamp, swamp_pool1, uniq_roxanne
Spider:1: layout_spider_delve, guppyfry_spider_mini_2, uniq_asterion
Orc:1:    layout_caves, nicolae_specific_store
Orc:2:    pf_orc_diabolical, layout_caves, lightli_orcish_oven

Skill      XL: |  1  2  3  4  5  6  7  8  9 10 11 12 13 14 15 16 17 |
---------------+----------------------------------------------------+-----
Hexes          | 4 5 6 8 9 11 12 14 15 16 | 16.6
Stealth        | 5 6 9 10 11 | 11.5
Short Blades   | 3 5 6 10 11 | 11.8
Spellcasting   | 3 4 6 |  6.0
Fighting       | 2 6 9 11 12 | 12.0
Invocations    | 4 6 9 |  9.0
Dodging        | 8 9 10 | 10.5
Ice Magic      | 1 6 9 |  9.0
Evocations     | 6 10 12 | 12.0
Armour         | 3 |  3.0

Action                   |  1- 3 |  4- 6 |  7- 9 | 10-12 | 13-15 | 16-18 || total
-------------------------+-------+-------+-------+-------+-------+-------++-------
Melee: Dagger            |    92 |   150 |   257 |   521 |  1081 |   437 ||  2538
       Short sword       |       |       |       |       |    20 |   133 ||   153
       Staff             |       |       |       |       |       |     8 ||     8
Throw: Dart              |       |       |     1 |     1 |    10 |       ||    12
 Cast: Corona            |    18 |    14 |    11 |     1 |       |       ||    44
       Ensorcelled Hiber |       |    18 |    66 |   107 |   181 |   114 ||   486
       Confusing Touch   |       |       |    10 |    27 |    71 |    27 ||   135
       Tukima's Dance    |       |       |     7 |    16 |    41 |     6 ||    70
       Metabolic Englaci |       |       |       |     4 |    46 |    25 ||    75
       Ozocubu's Armour  |       |       |       |       |     8 |     2 ||    10
Invok: Heal Other        |       |       |       |     1 |     7 |     9 ||    17
       Lesser Healing    |       |       |       |       |     2 |     2 ||     4
       Greater Healing   |       |       |       |       |     2 |     3 ||     5
       Divine Vigour     |       |       |       |       |     1 |       ||     1
 Abil: Evoke Invisibilit |       |       |       |       |       |     6 ||     6
Evoke: Wand              |       |       |       |     4 |    33 |    19 ||    56
       Tin of tremorston |       |       |       |       |     3 |     2 ||     5
  Use: Scroll            |       |     6 |     3 |    13 |    12 |    10 ||    44
       Potion            |       |       |     1 |     3 |     2 |     6 ||    12
 Stab: Sleeping          |    24 |    22 |    43 |    69 |   153 |    75 ||   386
       Confused          |       |       |     6 |    32 |    60 |    35 ||   133
       Distracted        |       |       |     1 |     1 |     1 |     3 ||     6
       Invisible         |       |       |       |       |       |    25 ||    25
Armor: Robe              |    26 |    40 |    51 |       |       |       ||   117
       Steam dragon scal |       |       |       |   177 |   207 |       ||   384
       Troll leather arm |       |       |       |       |    89 |   139 ||   228
Dodge: Dodged            |    78 |   145 |   199 |   350 |   764 |   439 ||  1975
       Repelled          |       |       |       |       |     1 |    11 ||    12
